 Dungeon Crawl Stone Soup version 0.31-a0-1-g4198be8af4 (webtiles) character file.

Game seed: 3585315540734040124

1090 sokol815 the Covert (level 8, 0/41 HPs)
             Began as a Kobold Enchanter on Apr 30, 2023.
             Was a Follower of Dithmenos.
             Slain by a wight
             ... wielding a +4 morningstar of freezing
              (8 damage)
             ... on level 6 of the Dungeon.
             The game lasted 00:08:49 (4851 turns).

sokol815 the Covert (Kobold Enchanter)              Turns: 4851, Time: 00:08:49

Health: 0/41       AC:  5    Str:  5    XL:     8   Next: 56%
Magic:  11/11      EV: 14    Int: 16    God:    Dithmenos [*.....]
Gold:   192        SH:  0    Dex: 18    Spells: 11/11 levels left

rFire   + + .        a - +1 dagger (venom)
rCold   . . .        (no shield)
rNeg    . . .        r - +0 leather armour {rF+}
rPois   .            (no helmet)
rElec   .            m - +0 cloak
rCorr   .            c - +0 pair of gloves
SInv    .            (no boots)
Will    .....        (no amulet)
Stlth   ++++++       F - ring of protection from fire {rF+, !d}
HPRegen 0.26/turn    Q - +4 ring of slaying
MPRegen 0.12/turn

%: no passive effects
@: wreathed by umbra
A: small, no large weapons, nightstalker 3
a: Renounce Religion


You were on level 6 of the Dungeon.
You worshipped Dithmenos.
Dithmenos was aware of your devotion.
You visited 1 branch of the dungeon, and saw 6 of its levels.

You collected 192 gold pieces.

Inventory:

Hand Weapons
 a - a +1 dagger of venom (weapon)
   (You found it on level 5 of the Dungeon)
 n - a +1 dagger
 t - a +2 dagger of pain
   (You took it off an orc on level 5 of the Dungeon)
Missiles
 d - 5 boomerangs
 k - 3 silver boomerangs
 s - 42 stones
Armour
 b - a +0 robe
 c - a +0 pair of gloves (worn)
   (You found it on level 2 of the Dungeon)
 e - a +0 chain mail
   (You found it on level 1 of the Dungeon)
 l - a +0 ring mail
   (You took it off an orc on level 5 of the Dungeon)
 m - a +0 cloak (worn)
   (You found it on level 5 of the Dungeon)
 r - a +0 leather armour of fire resistance (worn)
   (You took it off Eustachio on level 6 of the Dungeon)
Magical Staves
 g - a staff of poison {rPois}
   (You found it on level 4 of the Dungeon)
 q - a staff of fire {rF+}
   (You found it on level 4 of the Dungeon)
Jewellery
 f - a ring of fire {rF+, rC-}
   (You found it on level 5 of the Dungeon)
 p - a +6 ring of strength
   (You found it on level 3 of the Dungeon)
 F - a ring of protection from fire (left hand) {rF+, !d}
   (You found it on level 3 of the Dungeon)
 Q - a +4 ring of slaying (right hand)
   (You found it on level 2 of the Dungeon)
 X - a ring of resist corrosion
   (You found it on level 2 of the Dungeon)
Wands
 j - a wand of quicksilver (6)
   (You found it on level 5 of the Dungeon)
Scrolls
 h - a scroll of fog
 V - a scroll of vulnerability {!r!r}
 Y - a scroll of teleportation {@r3}
Potions
 i - a potion of ambrosia {unknown}
 o - a potion of attraction {unknown}
 B - 2 potions of brilliance
 H - 2 potions of haste
 I - a potion of invisibility
 J - 2 potions of curing {@q1}
 L - 2 potions of flight
 N - a potion of heal wounds {@q2}


   Skills:
 + Level 9.3 Short Blades
 - Level 2.4 Dodging
 - Level 10.0 Stealth
 - Level 2.1 Spellcasting
 - Level 3.0 Hexes


You had 11 spell levels left.
You didn't know any spells.
Your spell library contained the following spells:

 Spells                   Type           Power      Damage    Failure   Level
 Ensorcelled Hibernation  Hex/Ice        12%        N/A       28%         2
 Confusing Touch          Hex            11%        N/A       30%         3
 Tukima's Dance           Hex            11%        N/A       30%         3
 Dazzling Flash           Conj/Hex       12%        N/A       50%         3
 Portal Projectile        Hex/Tloc       12%        N/A       50%         3
 Call Canine Familiar     Summ           1%         N/A       71%         3
 Spider Form              Tmut/Pois      1%         N/A       71%         3
 Anguish                  Hex/Necr       3%         N/A       88%         4
 Leda's Liquefaction      Hex/Erth       3%         N/A       88%         4
 Borgnjor's Revivificati  Necr           0%         N/A       100%        8
 Necromutation            Tmut/Necr      0%         N/A       100%        8
 Death's Door             Necr           0%         N/A       100%        9


Dungeon Overview and Level Annotations

Branches:
Dungeon (6/15) Zot: 26547  Temple (0/1) D:6

Altars:
Dithmenos
Elyvilon
Hepliaklqana
Ru
Sif Muna
Zin
The Shining One

Annotations:
D:2 exclusion: great orb of eyes


Innate Abilities, Weirdness & Mutations

You are small and have problems with some larger weapons.
You are completely attuned to the shadows.


Message History

The gnoll shouts!
You hit the gnoll. You puncture the gnoll!
The gnoll is poisoned.
You kill the gnoll!
Dithmenos accepts your kill.
You hit the gnoll.
The gnoll is poisoned.
The gnoll misses you.
You hit the gnoll.
The gnoll looks as sick as possible!
You kill the gnoll!
Dithmenos accepts your kill.
No target in view!
Things that are here:
a +0 halberd; a gnoll corpse
i - a silvery potion Blink to where?
Press: ? - help, Dir - move target
As you read the scroll labelled KIGEME XAUC, it crumbles to dust.
It was a scroll of blinking.
An iguana comes into view.
The helpless iguana fails to defend itself.
You skewer the iguana like a kebab!!!!
You kill the iguana!
Dithmenos accepts your kill.
You see here an iguana corpse.
A scorpion comes into view.
The helpless scorpion fails to defend itself.
You spit the scorpion like a pig!!!!
You kill the scorpion!
Dithmenos accepts your kill.
You are shrouded in an aura of darkness!
Your Short Blades skill increases to level 8!
Found a glowing golden altar of the Shining One.
Eustachio the Magnificent comes into view.
He is wielding a +0 falchion and wearing a +0 leather armour of fire resistance.
The helpless Eustachio fails to defend himself.
You perforate Eustachio like a sieve!!!!
You kill Eustachio!
Dithmenos accepts your kill.
Your Short Blades skill increases to level 9!
Things that are here:
a +0 falchion; a +0 leather armour of fire resistance
r - a +0 leather armour of fire resistance You open the door.
There is an open door here.
There is an open door here.
Found a stone staircase leading down.
You start removing your armour.
You continue taking off your +0 robe. x4
You finish taking off your +0 robe.
You start putting on your armour.
You continue putting on your +0 leather armour of fire resistance. x5
You finish putting on your +0 leather armour of fire resistance.
You feel resistant to fire.
An orc comes into view. It is wielding a +0 flail.
The helpless orc fails to defend itself.
You perforate the orc like a sieve!!!!
You kill the orc!
Dithmenos accepts your kill.
Found a staircase to the Ecumenical Temple.
Things that are here:
a +0 flail; a +0 scimitar; an orc corpse
There is an open door here.
You pick up a book of the Hunter and begin reading...
You add the spells Call Canine Familiar, Portal Projectile and Leda's Liquefaction to your library.
There is a fountain of clear blue water here.
There is a staircase to the Ecumenical Temple here.
There is an open door here. 2 wights come into view.
A wight is wielding a +2 war axe of freezing.
A wight comes into view.
It is wielding a +4 morningstar of freezing.
The wight closely misses you.
You hit the wight but do no damage. You punch the wight, but do no damage.
You hit the wight. The wight hits you with a +5 war axe.
You feel drained.
You take 2 damage, and have 39/40 hp.
You closely miss the wight. You hit the wight but do no damage.
The wight closely misses you.
You hit the wight but do no damage. You hit the wight but do no damage.
The wight misses you.
You hit the wight but do no damage. You punch the wight. You hit the wight.
The wight barely misses you.
Health restored: 40 You hit the wight.
You completely miss the wight. You hit the wight. You puncture the wight!
You hit the wight.
You destroy the wight!
Dithmenos accepts your kill.
Your life force feels restored.
A wight comes into view. It is wielding a +0 hand axe.
The wight completely misses you.
Things that are here:
a +2 war axe of freezing; a +0 robe You barely miss the wight.
The wight hits you with a +5 war axe.
You take 3 damage, and have 37/41 hp.
You hit the wight but do no damage. The wight closely misses you.
You hit the wight. You barely miss the wight.
The wight hits you with a +5 war axe!
The wight hits you with a +4 morningstar of freezing!
* * * LOW HITPOINT WARNING * * *
The wight freezes you!
You die...

_.#..###...#
.#..##...#.#
#..##..###.# #. #
..##...###.# #.# .#
.##......... .#
#.###.# ##..#####.##
#.# #.#<..## #..## ..
..# #......## #)## #
####z.######.......#
..# #..#
#..@z..z...........#
..# #..#
##.###.######.......#
..# #..# #..# #
#......##
..######..###'###
#####.#>..##
..........#.....#
.>........##
.....####)#.⌠.⌠.##
########...## .....#
#.'..>..'. #.....#
.....# #.#.⌠.⌠.##
#....## .....#
#.#.....# #...##


You could see 3 wights.

Vanquished Creatures
  Eustachio (D:6)
  A water moccasin (D:5)
  An ice beast (D:5)
  A black bear (D:5)
  An ogre (D:5)
  2 scorpions
  A wight (D:6)
  An orc priest (D:5)
  A hound (D:4)
  2 iguanas
  4 orc wizards
  3 gnolls (D:6)
  8 adders
  A worm (D:5)
  2 dart slugs (D:1)
  11 orcs
  6 endoplasms
  A giant cockroach (D:1)
  3 goblins
  6 hobgoblins
  11 jackals
  7 quokkas
  3 ball pythons
  4 bats
  A frilled lizard (D:1)
  7 kobolds
  6 rats
96 creatures vanquished.

Notes
Turn   | Place    | Note
-------+----------+-------------------------------------------
     0 | D:1      | sokol815 the Kobold Enchanter began the quest for the Orb.
     0 | D:1      | Reached XP level 1. HP: 10/10 MP: 3/3
   243 | D:1      | Reached XP level 2. HP: 14/15 MP: 5/5
   366 | D:1      | Reached skill level 5 in Stealth
   806 | D:1      | Reached XP level 3. HP: 19/19 MP: 6/6
  1397 | D:2      | Reached skill level 6 in Stealth
  1617 | D:2      | Noticed a great orb of eyes
  1618 | D:2      | Noticed a shining eye
  1627 | D:2      | Noticed an eye of devastation
  1668 | D:2      | Noticed a great orb of eyes
  1742 | D:2      | Reached XP level 4. HP: 24/24 MP: 7/7
  2140 | D:2      | Found a faded altar of an unknown god.
  2293 | D:3      | You fall into a shaft and drop 2 floors!
  2293 | D:5      | Entered Level 5 of the Dungeon
  2310 | D:5      | Noticed an ogre
  2335 | D:5      | Reached skill level 7 in Stealth
  2345 | D:5      | Killed an ogre
  2346 | D:5      | Reached skill level 3 in Short Blades
  2346 | D:5      | Reached XP level 5. HP: 23/28 MP: 8/8
  2376 | D:5      | Found a sacrificial altar of Ru.
  2492 | D:5      | Reached skill level 8 in Stealth
  2492 | D:5      | Reached XP level 6. HP: 15/32 MP: 9/9
  2681 | D:4      | Found a shadowy altar of Dithmenos.
  2684 | D:4      | Became a worshipper of Dithmenos the Shadowed
  2911 | D:3      | Reached skill level 4 in Short Blades
  3282 | D:3      | Found a hazy altar of Hepliaklqana.
  3812 | D:4      | Found a glowing silver altar of Zin.
  3996 | D:5      | Reached skill level 5 in Short Blades
  3996 | D:5      | Reached XP level 7. HP: 36/36 MP: 10/10
  4107 | D:5      | Reached skill level 9 in Stealth
  4238 | D:5      | Noticed a water moccasin
  4240 | D:5      | Reached skill level 6 in Short Blades
  4241 | D:5      | Killed a water moccasin
  4242 | D:5      | Reached skill level 10 in Stealth
  4242 | D:5      | Reached XP level 8. HP: 41/41 MP: 11/11
  4283 | D:5      | Found a white marble altar of Elyvilon.
  4289 | D:5      | Found a shimmering blue altar of Sif Muna.
  4446 | D:6      | Reached skill level 7 in Short Blades
  4701 | D:6      | Reached * piety under Dithmenos
  4702 | D:6      | Reached skill level 8 in Short Blades
  4709 | D:6      | Found a glowing golden altar of the Shining One.
  4727 | D:6      | Noticed Eustachio
  4731 | D:6      | Killed Eustachio
  4732 | D:6      | Reached skill level 9 in Short Blades
  4817 | D:6      | Found a staircase to the Ecumenical Temple.
  4851 | D:6      | HP: 8/41 [wight/+4 morningstar of freezing (17)]
  4851 | D:6      | Slain by a wight

Illustrated notes

Levels and vault maps discovered:
D:1:      evilmike_arrival_crescent, layout_basic
D:2:      layout_loops_cross, hellmonk_ecumenical_altar_watching_god,
          hangedman_decor_lopped
D:3:      layout_loops_cross, general_overflow_altar
D:4:      layout_rooms, zin_scriptorium, kennysheep_mini,
          minmay_misc_feat_square, serial_bayou_crossing
D:5:      layout_rooms, hangedman_ru_absence, minitemple
D:6:      layout_loops_ring, kennysheep_vampire_church, tso_metal_star,
          minmay_temple_entry_hall, uniq_eustachio

Skill      XL: |  1  2  3  4  5  6  7  8 |
---------------+-------------------------+-----
Stealth        | 5 6 7 8 10 | 10.0
Short Blades   | 3 5 6 9 |  9.3
Dodging        | |  2.4
Spellcasting   | |  2.1
Hexes          | |  3.0

Action                     |  1- 3 |  4- 6 |  7- 9 || total
---------------------------+-------+-------+-------++-------
  Melee: Dagger            |    85 |   110 |    59 ||   254
         Punch             |     1 |       |     2 ||     3
    Use: Scroll            |     2 |     4 |     5 ||    11
         Potion            |       |     1 |       ||     1
   Stab: Sleeping          |    19 |    14 |    11 ||    44
         Invisible         |       |     2 |       ||     2
         Distracted        |       |     1 |       ||     1
 Armour: Robe              |     5 |    23 |     4 ||    32
  Dodge: Dodged            |    53 |    72 |    19 ||   144

Table legend: (Time is in decaauts)
 A = Elapsed time spent in this place.
 B = Non-inter-level travel time spent in this place.
 C = Inter-level travel time spent in this place.
 D = Time resting spent in this place.
 E = Time spent auto-exploring this place.
 F = Levels seen in this place.
 G = Mean time per level.
                   A        B        C        D        E       F      G
               +--------+--------+--------+--------+--------+-----+--------+
         Total |   4819 |   4555 |    264 |     53 |   3822 |   6 |  803.2 |
       Dungeon |   4819 |   4555 |    264 |     53 |   3822 |   6 |  803.2 |
               +--------+--------+--------+--------+--------+-----+--------+

Top non-repeatable levels by time:
     D:1: 1287 daAuts
     D:2: 903 daAuts
     D:3: 757 daAuts
     D:5: 746 daAuts
     D:4: 685 daAuts
     D:6: 439 daAuts

Levels and vault maps discovered:
D:1:      evilmike_arrival_crescent, layout_basic
D:2:      layout_loops_cross, hellmonk_ecumenical_altar_watching_god,
          hangedman_decor_lopped
D:3:      layout_loops_cross, general_overflow_altar
D:4:      layout_rooms, zin_scriptorium, kennysheep_mini,
          minmay_misc_feat_square, serial_bayou_crossing
D:5:      layout_rooms, hangedman_ru_absence, minitemple
D:6:      layout_loops_ring, kennysheep_vampire_church, tso_metal_star,
          minmay_temple_entry_hall, uniq_eustachio

Table legend: (Time is in decaauts)
 A = Elapsed time spent in this place.
 B = Non-inter-level travel time spent in this place.
 C = Inter-level travel time spent in this place.
 D = Time resting spent in this place.
 E = Time spent auto-exploring this place.
 F = Levels seen in this place.
 G = Mean time per level.
                   A        B        C        D        E       F      G
               +--------+--------+--------+--------+--------+-----+--------+
         Total |   4819 |   4555 |    264 |     53 |   3822 |   6 |  803.2 |
       Dungeon |   4819 |   4555 |    264 |     53 |   3822 |   6 |  803.2 |
               +--------+--------+--------+--------+--------+-----+--------+

Top non-repeatable levels by time:
     D:1: 1287 daAuts
     D:2: 903 daAuts
     D:3: 757 daAuts
     D:5: 746 daAuts
     D:4: 685 daAuts
     D:6: 439 daAuts

Table legend:
 A = Kills in this place as a percentage of kills in the entire game.
 B = Kills by you in this place as a percentage of kills by you in the entire game.
 C = Kills by friends in this place as a percentage of kills by friends in the entire game.
 D = Other kills in this place as a percentage of other kills in the entire game.
 E = Experience gained in this place as a percentage of experience gained in the entire game.
 F = Experience gained in this place divided by the number of levels of this place that you have seen.
                   A       B       C       D       E      F
               +-------+-------+-------+-------+-------+----------------------
         Total | 100.0 | 100.0 |   N/A |   N/A | 100.0 | 259.7
       Dungeon | 100.0 | 100.0 |   N/A |   N/A | 100.0 | 259.7
               +-------+-------+-------+-------+-------+----------------------
